AoeStats
← gingersurprise69

Yucatan

510383669Analyzed
4v4 RM · 1d ago on Sep 30, 2026· 56m 23s· 8 players
Game mode
Random Map
Map size
Large (8 player)
Population
200
Speed
Normal
Resources
Standard
Victory
Conquest
Starting age
Dark Age
Ending age
Imperial Age
RankedLock teamsTeams togetherTeam positionsShared explorationLock speedFull tech treeHidden civsTurbo modeCheats
Victory
Defeat
🇩🇪 Huns · Germany
1100
+14
🇺🇸 Magyars · United States
1073
+15
🇨🇦 Britons · Canada
1071
+15
🇨🇦 Danes · Canada
1067
+16
🇩🇰 Wei · Denmark
1138
-18
🇩🇰 Danes · Denmark
1065
-15
🇩🇰 Huns · Denmark
1047
-15
🇩🇰 Franks · Denmark
988
-12
TheLegendOfFissan
10:43 Feudal Age
14:20 Castle Age
13:51 Double-Bit Axe
13:48 Horse Collar
15:38 Bow Saw
18:45 Heavy Plow
18:22 Pikeman
21:17 Loom
24:20 Wheelbarrow
23:39 Arson
24:40 Forging
25:47 Fletching
25:58 Elite Skirmisher
28:31 Bodkin Arrow
35:07 Imperial Age
33:58 Ballistics
35:25 Capped Ram
36:32 Padded Archer Armor
37:11 Conscription
37:31 Hand Cart
37:25 Siege Ram
38:29 Squires
38:49 Elite Varangian Guard
40:37 Halberdier
42:29 Gambesons
44:03 Scale Mail Armor
44:38 Iron Casting
44:05 Bracer
44:22 Leather Archer Armor
45:21 Gold Mining
45:44 Stone Mining
49:43 Blast Furnace
48:59 Chain Mail Armor
49:14 Ring Archer Armor
51:40 Thumb Ring
Rudy
8:05 Loom
11:19 Feudal Age
15:14 Bloodlines
16:39 Wheelbarrow
16:17 Double-Bit Axe
19:01 Horse Collar
22:48 Castle Age
22:44 Scale Barding Armor
22:49 Forging
24:41 Castle Age
24:52 Fletching
25:03 Scale Mail Armor
24:47 Pikeman
25:28 Squires
24:50 Elite Skirmisher
25:35 Thumb Ring
25:58 Hand Cart
26:14 Town Watch
27:39 Town Patrol
33:37 Bodkin Arrow
37:16 Ballistics
37:07 Masonry
37:01 Husbandry
41:08 Padded Archer Armor
42:49 Heavy Plow
43:43 Chain Barding Armor
43:59 Iron Casting
43:29 Marauders
43:28 Gold Mining
43:30 Stone Mining
43:36 Stone Mining
43:53 Murder Holes
44:13 Bow Saw
47:15 Imperial Age
49:10 Chemistry
48:33 Conscription
48:21 Elite Tarkan
50:25 Two-Man Saw
51:47 Halberdier
53:25 Plate Barding Armor
53:51 Blast Furnace
52:51 Bracer
Space
9:07 Loom
12:03 Feudal Age
13:46 Double-Bit Axe
17:54 Castle Age
17:26 Wheelbarrow
19:50 Fletching
20:35 Bow Saw
22:59 Bodkin Arrow
24:35 Scale Barding Armor
25:25 Ballistics
25:34 Horse Collar
27:18 Heavy Plow
27:57 Padded Archer Armor
28:17 Chain Barding Armor
30:28 Forging
30:38 Stone Mining
30:40 Gold Mining
31:13 Leather Archer Armor
31:59 Husbandry
32:09 Bloodlines
32:43 Wheelbarrow
32:06 Treadmill Crane
32:54 Town Watch
32:48 Pikeman
33:29 Squires
34:07 Iron Casting
33:41 Murder Holes
34:24 Hand Cart
35:04 Gold Shaft Mining
38:43 Imperial Age
37:46 Thumb Ring
38:44 Elite Tiger Cavalry
39:45 Conscription
40:28 Blast Furnace
39:29 Bracer
40:07 Parthian Tactics
40:11 Ming Guang Armor
42:22 Ring Archer Armor
41:52 Light Cavalry
43:21 Stone Shaft Mining
43:48 Chemistry
42:59 Fortified Wall
45:01 Crop Rotation
43:54 Hussar
44:38 Tuntian
44:42 Capped Ram
46:05 Siege Ram
Sikkerhimovic
10:07 Feudal Age
12:17 Loom
15:08 Castle Age
18:21 Double-Bit Axe
22:53 Wheelbarrow
25:32 Forging
25:15 Fletching
29:39 Bow Saw
33:44 Stone Mining
33:48 Gold Mining
36:22 Forging
36:18 Scale Barding Armor
36:18 Husbandry
37:28 Hand Cart
38:02 Town Watch
38:45 Chain Barding Armor
39:01 Iron Casting
38:22 Bodkin Arrow
44:10 Imperial Age
44:15 Gold Shaft Mining
46:47 Elite Throwing Axeman
49:01 Blast Furnace
48:01 Scale Mail Armor
48:25 Cavalier
54:20 Conscription
54:59 Ballistics
55:40 Chemistry
Rimbo
5:04 Loom
9:46 Feudal Age
10:40 Double-Bit Axe
13:46 Scale Barding Armor
21:03 Castle Age
19:30 Horse Collar
19:43 Gold Mining
21:20 Bloodlines
22:04 Husbandry
22:27 Chain Barding Armor
22:31 Bow Saw
26:16 Heavy Plow
26:53 Wheelbarrow
33:06 Hand Cart
35:49 Gold Shaft Mining
39:10 Corvinian Army
42:50 Imperial Age
42:58 Elite Magyar Huszar
44:00 Conscription
44:47 Two-Man Saw
44:18 Crop Rotation
43:58 Stone Mining
44:14 Elite Magyar Huszar
50:36 Fletching
51:22 Plate Barding Armor
51:27 Bodkin Arrow
radnark
8:47 Loom
12:10 Feudal Age
19:12 Castle Age
17:12 Double-Bit Axe
17:10 Horse Collar
17:23 Stone Mining
17:25 Gold Mining
21:13 Wheelbarrow
20:56 Bow Saw
20:45 Fletching
21:25 Bodkin Arrow
23:17 Town Watch
24:23 Ballistics
24:25 Padded Archer Armor
36:18 Leather Archer Armor
41:27 Imperial Age
39:58 Town Patrol
42:18 Bracer
42:43 Yeomen
42:43 Conscription
44:37 Ring Archer Armor
44:46 Elite Longbowman
47:42 Chemistry
46:24 Treadmill Crane
46:59 Fortified Wall
46:48 Murder Holes
51:59 Warwolf
gingersurprise69
7:29 Loom
10:50 Feudal Age
15:37 Double-Bit Axe
18:14 Castle Age
16:08 Horse Collar
18:52 Scale Mail Armor
20:10 Squires
20:28 Chain Mail Armor
20:31 Pikeman
25:25 Heavy Plow
25:37 Bow Saw
25:47 Elite Skirmisher
26:25 Gambesons
28:35 Fletching
28:45 Padded Archer Armor
35:17 Bodkin Arrow
38:12 Imperial Age
36:23 Wheelbarrow
39:30 Ballistics
40:10 Chemistry
38:34 Halberdier
39:01 Arson
40:11 Elite Varangian Guard
41:00 Thumb Ring
42:53 Conscription
43:44 Hand Cart
46:30 Hamask
52:38 Leather Archer Armor
52:36 Forging
52:47 Scale Barding Armor
53:15 Plate Mail Armor
noodles
6:59 Loom
11:05 Feudal Age
12:55 Double-Bit Axe
20:14 Scale Barding Armor
23:25 Castle Age
26:07 Husbandry
26:18 Bloodlines
27:04 Chain Barding Armor
26:55 Forging
29:39 Fletching
30:32 Wheelbarrow
32:34 Town Watch
37:17 Bodkin Arrow
37:37 Forging
37:53 Squires
37:14 Pikeman
41:34 Scale Mail Armor
45:53 Imperial Age
44:07 Marauders
49:25 Conscription
50:05 Bracer
50:41 Plate Barding Armor
50:45 Iron Casting
49:48 Elite Tarkan
53:25 Light Cavalry
56:12 Blast Furnace
Connection lost

Rejoining the realm…

Still unreachable

The connection could not be restored.

Session expired

The server has moved on; the page needs a fresh start.